 Dungeon Crawl Stone Soup version 0.21-a0-140-g479285b (webtiles) character file.

2282 nikopol the Thaumaturge (level 9, -6/46 HPs)
             Began as a Deep Elf Fire Elementalist on July 18, 2017.
             Mangled by an unseen horror (11 damage)
             ... on level 7 of the Dungeon on July 21, 2017.
             The game lasted 00:31:58 (8235 turns).

nikopol the Thaumaturge (DEFE)                      Turns: 8235, Time: 00:31:59

Health: -6/46      AC:  5    Str:  5    XL:     9   Next: 16%
Magic:  16/25      EV: 14    Int: 24    God:
Gold:   288        SH:  0    Dex: 15    Spells: 14/28 levels left

rFire    . . .     SeeInvis .   i - +1 dagger (holy)
rCold    . . .     Gourm    .   (no shield)
rNeg     . . .     Faith    .   G - +1 robe {MR+}
rPois    .         Spirit   .   (no helmet)
rElec    .         Reflect  .   (no cloak)
rCorr    .         Harm     .   t - +0 pair of gloves
MR       +....                  k - +0 pair of boots
Stlth    +++.......             (no amulet)
HPRegen  0.15/turn              (no ring)
MPRegen  0.19/turn              (no ring)

@: no status effects
A: no striking features
a: no special abilities


You were on level 7 of the Dungeon.
You were not hungry.

You visited 2 branches of the dungeon, and saw 8 of its levels.
You also visited: Ossuary.

You collected 288 gold pieces.

Inventory:

Hand Weapons
 e - a +0 dagger
 i - a +1 dagger of holy wrath (weapon)
Armour
 a - a +0 robe
 k - a +0 pair of boots (worn)
 t - a +0 pair of gloves (worn)
 G - a +1 robe of magic resistance (worn)
Magical Staves
 q - an uncursed staff of summoning
Jewellery
 p - an uncursed amulet of the gourmand {unknown}
Scrolls
 d - 7 scrolls of remove curse {unknown}
 f - a scroll of blinking {unknown}
 g - a scroll of fear {unknown}
 j - 4 scrolls of teleportation {unknown}
 m - 3 scrolls of enchant weapon {unknown}
 n - 6 scrolls of identify {unknown}
 v - a scroll of recharging {unknown}
 y - 2 scrolls of enchant armour {unknown}
 F - a scroll of fog {unknown}
 H - a scroll of holy word {unknown}
Potions
 h - 2 potions of might {unknown}
 r - 6 potions of lignification {unknown}
 s - a potion of curing {unknown}
 u - 2 potions of resistance {unknown}
 w - 2 potions of invisibility {unknown}
 x - a potion of agility {unknown}
 z - a potion of brilliance {unknown}
 A - 2 potions of ambrosia {unknown}
 B - 2 potions of heal wounds {unknown}
 C - 4 potions of mutation {unknown}
 D - a potion of magic {unknown}
Books
 b - a book of Flames

   Spells                             Type                      Level
   a - Flame Tongue                   Conjuration/Fire             1
   b - Throw Flame                    Conjuration/Fire             2
   c - Conjure Flame                  Conjuration/Fire             3
   d - Inner Flame                    Hexes/Fire                   3
   e - Sticky Flame                   Conjuration/Fire             4
   f - Fireball                       Conjuration/Fire             5
 J - a book of Maledictions

   Spells                             Type                      Level
   a - Corona                         Hexes                        1
   b - Ensorcelled Hibernation        Hexes/Ice                    2
   c - Confuse                        Hexes                        3
   d - Tukima's Dance                 Hexes                        3
   e - Dazzling Spray                 Conjuration/Hexes            3
Comestibles
 c - 4 bread rations
 l - 5 fruits
 o - 6 royal jellies
 E - 2 meat rations


   Skills:
 + Level 0.7 Fighting
 + Level 0.8 Short Blades
 + Level 3.7 Dodging
 + Level 4.0 Stealth
 + Level 10.0 Spellcasting
 + Level 6.5 Conjurations
 + Level 0.3 Hexes
 + Level 8.0 Fire Magic


You had 14 spell levels left.
You knew the following spells:

 Your Spells              Type           Power        Failure   Level  Hunger
a - Flame Tongue          Conj/Fire      #####        1%          1    None
b - Throw Flame           Conj/Fire      #####.       1%          2    None
c - Conjure Flame         Conj/Fire      #####...     1%          3    None
d - Fireball              Conj/Fire      #####.....   7%          5    ####...
e - Dazzling Spray        Conj/Hex       ####..       3%          3    None


Dungeon Overview and Level Annotations

Branches:
Dungeon (7/15)             Temple (1/1) D:7

Altars:
Ashenzari
Cheibriados
Dithmenos
Elyvilon
Gozag
Hepliaklqana
Nemelex Xobeh
Okawaru
Qazlal
Ru
Sif Muna
Trog
Uskayaw
Wu Jian
Xom
Yredelemnul
Zin
The Shining One


Message History

Something hits you but does no damage.
Casting: Dazzling Spray
Confirm with . or Enter, or press ? or * to list all spells.
Aiming: Dazzling Spray
Press: ? - help, Shift-Dir - straight line The spray of energy hits the sky beast.
The sky beast is lightly wounded.
Something hits you.
* * * LOW HITPOINT WARNING * * *
Something hits you.
* * * LOW HITPOINT WARNING * * *
Casting: Dazzling Spray
Confirm with . or Enter, or press ? or * to list all spells.
Aiming: Dazzling Spray
Press: ? - help, Shift-Dir - straight line, f - sky beast
Aim: a sky beast (lightly wounded)
The spray of energy hits the sky beast.
The sky beast is heavily wounded.
The sky beast is dazzled.
Something hits you!
You die...

...........z
##.......##.
##........... ###
##....>..#
#...####..#Y....####
#....................
#######...#..#...###.
#....[...######
#...@....# #........#
#..<...[.# #..(.....#
##########


You could see a sky beast (blind).

Vanquished Creatures
  The ghost of p0werm0de the Conjurer, a novice DsWz of Ashenzari (D:5)
  Edmund (D:4)
  A black bear (D:5)
  3 phantoms
  2 ogres
  A sky beast (D:7)
  A centaur (D:5)
  Blork the orc (D:5)
  A water moccasin zombie (Ossuary)
  A scorpion (D:6)
  4 crimson imps
  A centaur zombie (D:6)
  2 jellies
  6 orc wizards
  2 orc priests
  A hound (D:6)
  A bullfrog skeleton (D:6)
  An iguana (D:5)
  7 worker ants
  3 big kobold zombies (Ossuary)
  A hound skeleton (D:4)
  2 mummies (Ossuary)
  3 gnolls (D:3)
  7 adders
  A shadow imp (D:5)
  An ooze (D:4)
  An adder skeleton (D:4)
  7 adder zombies (Ossuary)
  A worm (D:2)
  3 dart slugs
  3 leopard geckos
  14 orcs
  9 giant cockroaches
  2 gnoll zombies (Ossuary)
  8 goblins
  11 hobgoblins
  8 jackals
  6 kobolds
  3 quokkas
  A ball python (D:2)
  6 bats
  7 frilled lizards
  8 hobgoblin zombies (Ossuary)
  8 kobold zombies (Ossuary)
  4 orc zombies (Ossuary)
  A quokka skeleton (D:4)
  A quokka zombie (D:6)
  5 rats
  A fungus (D:5)
174 creatures vanquished.

Notes
Turn   | Place    | Note
-------+----------+-------------------------------------------
     0 | D:1      | nikopol the Deep Elf Fire Elementalist began the quest for the Orb.
     0 | D:1      | Reached XP level 1. HP: 10/10 MP: 6/6
   329 | D:1      | Reached XP level 2. HP: 15/15 MP: 6/8
   340 | D:1      | Learned a level 2 spell: Throw Flame
  1207 | D:2      | Reached XP level 3. HP: 14/19 MP: 6/10
  1298 | D:2      | Learned a level 3 spell: Conjure Flame
  1510 | D:2      | Reached skill level 4 in Spellcasting
  1819 | D:2      | Reached XP level 4. HP: 21/24 MP: 3/12
  2366 | D:3      | Found a faded altar of an unknown god.
  3072 | D:3      | Reached XP level 5. HP: 28/28 MP: 8/13
  3079 | D:3      | Learned a level 5 spell: Fireball
  3252 | D:4      | Reached skill level 5 in Fire Magic
  3402 | D:4      | Found a sand-covered staircase.
  3407 | Ossuary  | Entered an ossuary
  3684 | Ossuary  | Reached skill level 5 in Spellcasting
  3851 | Ossuary  | Reached XP level 6. HP: 32/32 MP: 7/15
  4320 | D:4      | Noticed Edmund
  4334 | D:4      | Killed Edmund
  4462 | D:4      | Reached XP level 7. HP: 29/36 MP: 8/17
  4533 | D:4      | Reached skill level 6 in Spellcasting
  5309 | D:5      | Entered Level 5 of the Dungeon
  5312 | D:5      | Reached skill level 7 in Spellcasting
  5316 | D:5      | Reached skill level 5 in Conjurations
  5410 | D:5      | Reached XP level 8. HP: 35/41 MP: 13/20
  5655 | D:5      | Found a sacrificial altar of Ru.
  5743 | D:5      | Noticed p0werm0de's ghost (novice DsWz)
  5762 | D:5      | Killed p0werm0de's ghost
  5762 | D:5      | Reached skill level 8 in Spellcasting
  6015 | D:5      | Noticed Blork the orc
  6028 | D:5      | Killed Blork the orc
  6220 | D:5      | Reached skill level 9 in Spellcasting
  7060 | D:6      | Learned a level 3 spell: Dazzling Spray
  7272 | D:6      | Found a bloodstained altar of Trog.
  7278 | D:6      | Reached XP level 9. HP: 38/46 MP: 18/24
  7572 | D:7      | Found a staircase to the Ecumenical Temple.
  7632 | Temple   | Entered the Ecumenical Temple
  7972 | D:7      | Reached skill level 10 in Spellcasting
  8073 | D:7      | Upgraded the game from 0.21-a0-137-g951aa02 to 0.21-a0-140-g479285b
  8235 | D:7      | Mangled by an unseen horror

Vault maps used:
D:1:      dpeg_arrival_shrine, roderic_lattice_a, minmay_small_reverse_x
D:2:      kennysheep_donut
D:3:      chequers_ecumenical_altar_simple
D:4:      first_bread, enter_ossuary_2, uniq_edmund
D:5:      black_bear_nest_2, hangedman_decor_slide_cut,
          nicolae_ru_the_path_less_chosen, uniq_blork_the_orc
D:6:      minmay_misc_feat_five, minmay_misc_feat_ornament, grunt_ministairs_10,
          trog_three_pillars_becter
D:7:      cheibrodos_fzero, minmay_temple_entry_overgrown, the_bakery
Temple:   hc_temple_tempest_star
Ossuary:  ossuary_tomb_2

Skill      XL: |  1  2  3  4  5  6  7  8  9 |
---------------+----------------------------+-----
Fire Magic     | 4 5 6 7 8 |  8.0
Spellcasting   | 4 5 7 9 10 | 10.0
Conjurations   | 2 4 5 6 |  6.5
Stealth        | 3 4 |  4.0
Dodging        | 3 |  3.7
Fighting       | |  0.7
Short Blades   | |  0.8
Hexes          | |  0.3

Action                   |  1- 3 |  4- 6 |  7- 9 || total
-------------------------+-------+-------+-------++-------
Melee: Dagger            |       |     6 |    47 ||    53
 Cast: Flame Tongue      |    76 |   141 |   173 ||   390
       Throw Flame       |     1 |     3 |    10 ||    14
       Conjure Flame     |       |     8 |     8 ||    16
       Fireball          |       |       |     7 ||     7
       Dazzling Spray    |       |       |    18 ||    18
  Eat: Chunk             |     3 |     6 |    12 ||    21
       Fruit             |       |     1 |     2 ||     3
Armor: Robe              |     2 |     6 |    15 ||    23
Dodge: Dodged            |    19 |    35 |    53 ||   107
